 Dungeon Crawl Stone Soup version 0.30.1-11-g7821555f0a (webtiles) character file.

Game seed: 14455875596089181262

74 SacredBeard the Grave Robber (level 4, 0/30 HPs)
             Began as a Demonspawn Necromancer on Oct 27, 2023.
             Succumbed to Edmund's poison
             ... on level 4 of the Dungeon on Oct 29, 2023.
             The game lasted 00:11:39 (2902 turns).

SacredBeard the Grave Robber (DsNe)                 Turns: 2902, Time: 00:11:40

Health: 0/30       AC:  8    Str: 15    XL:     4   Next: 10%
Magic:  6/8        EV: 12    Int: 18    God:
Gold:   120        SH:  0    Dex: 13    Spells: 8/9 levels left

rFire   . . .        d - +0 whip (venom)
rCold   . . .        (no shield)
rNeg    . . .        a - +0 robe
rPois   .            (helmet restricted)
rElec   .            (no cloak)
rCorr   .            (no gloves)
SInv    .            (no boots)
Will    +....        (no amulet)
Stlth   ++           h - ring of willpower
HPRegen 0.25/turn    r - +6 ring of strength
MPRegen 0.11/turn

%: no passive effects
@: lethally poisoned (0 -> -8), sanguine armoured
A: horns 1, ignite blood 1, sanguine armour 1
a: no special abilities


You were on level 4 of the Dungeon.
You visited 1 branch of the dungeon, and saw 4 of its levels.

You collected 120 gold pieces.

Inventory:

Hand Weapons
 d - a +0 whip of venom (weapon)
 f - a +0 short sword
Missiles
 g - a stone
Armour
 a - a +0 robe (worn)
Jewellery
 h - a ring of willpower (left hand)
 r - a +6 ring of strength (right hand)
Scrolls
 e - a scroll of immolation
 k - a scroll of enchant armour {unknown}
 m - a scroll of butterflies {unknown}
 n - 3 scrolls of magic mapping
 p - 2 scrolls of identify
 s - 3 scrolls of enchant weapon
 t - a scroll of teleportation {unknown}
Potions
 b - a potion of magic
 j - a potion of might {unknown}
 l - a potion of brilliance {unknown}
 o - a potion of haste {unknown}
 q - 2 potions of berserk rage {unknown}


   Skills:
 + Level 1.1 Armour
 - Level 2.0 Dodging
 - Level 2.0 Stealth
 * Level 3.0 Spellcasting
 * Level 5.0 Necromancy


You had 8 spell levels left.
You knew the following spells:

 Your Spells              Type           Power      Damage    Failure   Level
a - Necrotise             Necr           84%        1d8       1%          1

Your spell library contained the following spells:

 Spells                   Type           Power      Damage    Failure   Level
 Vampiric Draining        Necr           21%        2d7       6%          3
 Sting                    Tmut/Pois      8%         1d3       16%         1
 Summon Small Mammal      Summ           8%         N/A       16%         1
 Animate Dead             Necr           21%        N/A       21%         4
 Ensorcelled Hibernation  Hex/Ice        4%         N/A       24%         2
 Passwall                 Tmut/Erth      1%         N/A       24%         2
 Poisonous Vapours        Pois/Air       4%         N/A       24%         2
 Call Canine Familiar     Summ           2%         N/A       43%         3
 Summon Guardian Golem    Hex/Summ       2%         N/A       43%         3
 Swiftness                Air            2%         N/A       43%         3
 Agony                    Necr           21%        N/A       50%         5
 Olgreb's Toxic Radiance  Pois           2%         N/A       85%         4


Dungeon Overview and Level Annotations

Branches:
Dungeon (4/15) Zot: 21094
 Temple: D:4-7

Altars:
Ru

Annotations:
D:4 Dowan, Duvessa, Edmund


Innate Abilities, Weirdness & Mutations

You have a pair of small horns on your head.
Your demonic aura sometimes causes spilled blood to erupt in flames.
When seriously injured, your blood forms armour. (AC +6)


Message History

You feel stronger.
Your demonic ancestry asserts itself...
Your blood heats up.
Things that are here:
a +0 short sword; a +0 animal skin; a +0 helmet Your blood armour dries and flakes away.
HP restored.
Magic restored.
Done exploring.
There is a stone staircase leading down here.
You climb downwards.
Level annotation: Dowan, Duvessa, Edmund
There is a stone staircase leading up here.
Edmund writhes in agony.
Edmund misses you.
Edmund writhes in agony.
Edmund hits you with a +4 flail of venom!
Your blood congeals into armour.
You are poisoned.
As you read the scroll labelled APE NEIROAKHLUL, it crumbles to dust.
It is a scroll of identify.
s - 3 scrolls of enchant weapon You feel very sick.
Edmund hits you with a +4 flail of venom.
You are lethally poisoned!
Okay, then.
As you read the scroll labelled RUUTEM BERILU, it crumbles to dust.
You feel aware of your surroundings.
It was a scroll of magic mapping.
You feel very sick.
Edmund says, "I'm quite good with sums, too."
Edmund hits you with a +4 flail of venom.
* * * LOW HITPOINT WARNING * * *
Blink to where?
Press: ? - help, Dir - move target, p - Edmund
As you read the scroll labelled WIBBAILUSO, it crumbles to dust.
It was a scroll of blinking.
* * * LOW HITPOINT WARNING * * *
You feel very sick.
* * * LOW HITPOINT WARNING * * *
You feel sick.
You see here a +0 club.
You die...

*,,,,,,,*,,,*
*,,,,,,,+,,,*
*,,**********
*,,********
*,,,,,,,,,*
*,,,,,,,,,*
*,,,,,,,,,*
###+##########
#....@)..)..)###
#........#.#.#.##
#.......)...@@).#
#.....)..#.#.#<###
#................#
##########.#.#.#.#
#........#
##.#.#.#.#
###.....#


You could see Edmund.

Vanquished Creatures
  Robin (D:3)
  An adder (D:3)
  4 ball pythons
  5 endoplasms
  2 giant cockroaches
  8 goblins
  9 hobgoblins
  4 quokkas
  2 frilled lizards (D:1)
  3 kobolds
  3 rats
42 creatures vanquished.

Vanquished Creatures (collateral kills)
  2 dart slugs (D:1)
  A goblin (D:4)
3 creatures vanquished.

Grand Total: 45 creatures vanquished

Notes
Turn   | Place    | Note
-------+----------+-------------------------------------------
     0 | D:1      | SacredBeard the Demonspawn Necromancer began the quest for
                  | the Orb.
     0 | D:1      | Reached XP level 1. HP: 13/13 MP: 3/3
   152 | D:1      | Found a faded altar of an unknown god.
   310 | D:1      | Gained mutation: When seriously injured, your blood forms
                  | armour. (AC +6) [demonic ancestry]
   310 | D:1      | Reached XP level 2. HP: 12/19 MP: 0/5
   942 | D:2      | Gained mutation: You have a pair of small horns on your
                  | head. [demonic ancestry]
   942 | D:2      | Reached XP level 3. HP: 24/24 MP: 4/6
  2572 | D:3      | Found a sacrificial altar of Ru.
  2629 | D:4      | Reached skill level 1 in Armour
  2670 | D:4      | Noticed Duvessa
  2670 | D:4      | Noticed Dowan
  2811 | D:4      | Noticed Robin
  2813 | D:4      | Noticed Edmund
  2818 | D:4      | Reached skill level 5 in Necromancy
  2836 | D:3      | Killed Robin
  2837 | D:3      | Gained mutation: Your demonic aura sometimes causes spilled
                  | blood to erupt in flames. [demonic ancestry]
  2837 | D:3      | Reached XP level 4. HP: 17/30 MP: 1/8
  2901 | D:4      | HP: 1/30 [poisoned by Edmund]
  2902 | D:4      | Succumbed to Edmund's poison

Illustrated notes

Levels and vault maps discovered:
D:1:      dpeg_arrival_three_smaller_balls, layout_basic,
          hellmonk_ecumenical_altar_blasted
D:2:      layout_basic
D:3:      layout_loops_corners, lemuel_crystal_altar
D:4:      layout_gridville, st_stairs_8, uniq_edmund, uniq_sigmund, uniq_robin,
          uniq_duvessa

Skill      XL: |  1  2  3 |
---------------+----------+-----
Dodging        | 2 |  2.0
Stealth        | 2 |  2.0
Armour         | 1 |  1.1
Necromancy     | 5 |  5.0
Spellcasting   | 3 |  3.0

Action                     |  1- 3 |  4- 6 || total
---------------------------+-------+-------++-------
  Melee: Unarmed           |     7 |       ||     7
         Whip              |    37 |       ||    37
         Headbutt          |     2 |       ||     2
   Cast: Necrotise         |    61 |     2 ||    63
    Use: Scroll            |       |     3 ||     3
 Armour: Robe              |    16 |       ||    16
  Dodge: Dodged            |    23 |     1 ||    24
